 Dungeon Crawl Stone Soup version 0.30-a0-310-g7d6cbdfea6 (webtiles) character file.

Game seed: 12797890375908684793

128 billz999 the Sneak (level 4, 0/30 HPs)
             Began as a Vampire Earth Elementalist on Oct 24, 2022.
             Slain by a human zombie (3 damage)
             ... in an ossuary.
             The game lasted 00:05:01 (2279 turns).

billz999 the Sneak (Vampire Earth Elementalist)     Turns: 2279, Time: 00:05:02

Health: 0/30       AC:  2    Str:  7    XL:     4   Next: 86%
Magic:  0/8        EV: 13    Int: 19    God:
Gold:   81         SH:  0    Dex: 20    Spells: 3/8 levels left

rFire   . . .      SeeInvis +    j - +0 short sword
rCold   . . .      Faith    .    (no shield)
rNeg    . . .      Spirit   .    a - +0 robe
rPois   .          Reflect  .    (no helmet)
rElec   .          Harm     .    (no cloak)
rCorr   .          Rampage  .    (no gloves)
Will    .....                    (no boots)
Stlth   +++.......               (no amulet)
HPRegen 0.45/turn                k - +6 ring of dexterity
MPRegen 0.11/turn                (no ring)

@: healing quickly
A: alive, fangs 3, see invisible, vampiric 2
a: Exsanguinate


You were in an ossuary.
You visited 1 branch of the dungeon, and saw 4 of its levels.
You also visited: Ossuary.

You collected 81 gold pieces.

Inventory:

Hand Weapons
 j - a +0 short sword (weapon)
Missiles
 h - 2 atropa-tipped darts
Armour
 a - a +0 robe (worn)
Jewellery
 k - a +6 ring of dexterity (left hand)
Scrolls
 c - a scroll of teleportation
 g - a scroll of poison {unknown}
 l - a scroll of vulnerability {unknown}
 n - a scroll of identify {unknown}
Potions
 b - 2 potions of magic
 d - a potion of flight
 f - a potion of might
 m - a potion of resistance {unknown}
 o - a potion of heal wounds {unknown}


   Skills:
 - Level 2.1 Dodging
 - Level 4.0 Stealth
 + Level 2.8 Spellcasting
 * Level 3.4 Transmutations
 + Level 3.7 Earth Magic


You had 3 spell levels left.
You knew the following spells:

 Your Spells              Type           Power      Damage    Failure   Level
a - Sandblast             Erth           32%        2d9       3%          1
b - Petrify               Tmut/Erth      16%        N/A       34%         4

Your spell library contained the following spells:

 Spells                   Type           Power      Damage    Failure   Level
 Passwall                 Tmut/Erth      13%        N/A       5%          2
 Stone Arrow              Conj/Erth      18%        3d8       22%         3


Dungeon Overview and Level Annotations

Branches:
Dungeon (4/15)            Ossuary (1/1)
 Temple: D:4-7

Altars:
Trog


Innate Abilities, Weirdness & Mutations

Your natural rate of healing is accelerated.
You have razor-sharp teeth.
You have supernaturally acute eyesight. (SInv)
You are afflicted with vampirism and can become a bat while bloodless.


Message History

Confirm with . or Enter, or press ? or * to list all spells.
Aiming: Sandblast (safe; 3% risk of failure)
Press: ? - help, Shift-Dir - straight line, f/p - human zombie
Aim: a human zombie (heavily damaged, 87% to hit)
The blast of sand hits the human zombie.
The human zombie is heavily damaged.
The human zombie hits you.
Unknown command.
Casting: Sandblast (safe; 3% risk of failure)
Confirm with . or Enter, or press ? or * to list all spells.
Aiming: Sandblast (safe; 3% risk of failure)
Press: ? - help, Shift-Dir - straight line, f/p - human zombie
Aim: a human zombie (heavily damaged, 87% to hit)
The blast of sand hits the human zombie.
The human zombie is heavily damaged.
The human zombie hits you.
* * * LOW HITPOINT WARNING * * *
Casting: Sandblast (safe; 3% risk of failure)
Confirm with . or Enter, or press ? or * to list all spells.
Aiming: Sandblast (safe; 3% risk of failure)
Press: ? - help, Shift-Dir - straight line, f/p - human zombie
Aim: a human zombie (heavily damaged, 87% to hit)
The blast of sand hits the human zombie!
The human zombie is severely damaged.
The human zombie hits you.
* * * LOW HITPOINT WARNING * * *
The human zombie hits you.
* * * LOW HITPOINT WARNING * * *
Okay, then.
It was a potion of might.
You feel very mighty all of a sudden.
It was a potion of cancellation.
Your magical effects are unravelling.
You feel magically purged.
You feel a little less mighty now. The human zombie barely misses you.
You completely miss the human zombie. You bite the human zombie.
The human zombie is severely damaged.
The human zombie hits you.
You die...

...............#
.########....Z.#
..####...# #
Z....##..# #. #..+..#
#.. ##..# #...####
####...#
#......########......#
#.....@Z.............#
#........∩..∩........#
######################


You could see a human zombie.

Vanquished Creatures
  A hound zombie (Ossuary)
  A mummy (D:4)
  4 adders
  An adder zombie (Ossuary)
  2 orcs
  5 ball pythons
  6 endoplasms
  7 giant cockroaches
  4 hobgoblins
  2 jackals (D:2)
  A quokka (D:2)
  4 bats
  3 frilled lizards
  4 goblins
  A goblin zombie (Ossuary)
  2 hobgoblin zombies (Ossuary)
  5 jackal zombies (Ossuary)
  2 kobolds
  A kobold zombie (Ossuary)
  2 orc zombies (Ossuary)
  2 quokka zombies (Ossuary)
  A rat (D:1)
  A rat zombie (Ossuary)
62 creatures vanquished.

Notes
Turn   | Place    | Note
-------+----------+-------------------------------------------
     0 | D:1      | billz999 the Vampire Earth Elementalist began the quest for
                  | the Orb.
     0 | D:1      | Reached XP level 1. HP: 13/13 MP: 3/3
   350 | D:1      | Reached XP level 2. HP: 19/19 MP: 3/5
  1022 | D:2      | Gained mutation: You are afflicted with vampirism and can
                  | become a bat while bloodless. [Vampire growth]
  1022 | D:2      | Reached XP level 3. HP: 24/24 MP: 3/6
  1679 | D:2      | Found a faded altar of an unknown god.
  1712 | D:3      | Reached skill level 4 in Stealth
  1715 | D:3      | Reached XP level 4. HP: 30/30 MP: 1/7
  1729 | D:3      | Learned a level 4 spell: Petrify
  1779 | D:3      | Found a bloodstained altar of Trog.
  1808 | D:3      | Noticed a scorpion
  1935 | D:3      | HP: 1/30 [poisoned by a scorpion]
  1997 | D:4      | Found a sand-covered staircase.
  2043 | Ossuary  | Entered an ossuary
  2279 | Ossuary  | Slain by a human zombie

Illustrated notes

Levels and vault maps discovered:
D:1:      dpeg_arrival_tiny_c, layout_basic
D:2:      wander_river, layout_basic, shapermc_ecumenical_altar_hornbeckon
D:3:      layout_rooms, mainiacjoe_overflow_tiny_flanked, portal_sewer_entry_e,
          minmay_misc_feat_five, uniq_terence
D:4:      layout_rooms, mainiacjoe_overflow_two_lobes,
          minmay_temple_entry_junction, gup_ossuary_entry_pyramid
Ossuary:  minmay_ossuary_two_tombs

Skill      XL: |  1  2  3  4 |
---------------+-------------+-----
Transmutations | 2 3 |  3.4
Stealth        | 4 |  4.0
Dodging        | |  2.1
Spellcasting   | |  2.8
Earth Magic    | |  3.7

Action                   |  1- 3 |  4- 6 || total
-------------------------+-------+-------++-------
Melee: Short sword       |    19 |     5 ||    24
       Bite              |     4 |     1 ||     5
       Unarmed           |     1 |       ||     1
 Cast: Sandblast         |    43 |    51 ||    94
  Use: Scroll            |     2 |     1 ||     3
       Potion            |       |     5 ||     5
 Stab: Sleeping          |     2 |     1 ||     3
Armor: Robe              |     7 |     3 ||    10
Dodge: Dodged            |    26 |    26 ||    52

Table legend: (Time is in decaauts)
 A = Elapsed time spent in this place.
 B = Non-inter-level travel time spent in this place.
 C = Inter-level travel time spent in this place.
 D = Time resting spent in this place.
 E = Time spent auto-exploring this place.
 F = Levels seen in this place.
 G = Mean time per level.
                   A        B        C        D        E       F      G
               +--------+--------+--------+--------+--------+-----+--------+
         Total |   2339 |   2201 |    138 |    106 |   1685 |   5 |  467.8 |
       Dungeon |   2088 |   1950 |    138 |     73 |   1558 |   4 |  522.0 |
       Ossuary |    250 |    250 |      0 |     33 |    127 |   1 |  250.0 |
               +--------+--------+--------+--------+--------+-----+--------+

Top non-repeatable levels by time:
     D:2: 884 daAuts
     D:1: 855 daAuts
 Ossuary: 250 daAuts
     D:3: 245 daAuts
     D:4: 103 daAuts
